 Dungeon Crawl Stone Soup version 0.30-a0-879-ga8ba668304 (webtiles) character file.

Game seed: 10088806924620805672

1491214 octoduck the Warrior (level 26, 268/268 HPs)
             Began as an Armataur Fighter on Mar 6, 2023.
             Was a High Priest of Ashenzari.
             Escaped with the Orb
             ... and 3 runes on Mar 14, 2023!
             The game lasted 05:25:46 (89430 turns).

octoduck the Warrior (Armataur Fighter)            Turns: 89430, Time: 05:25:47

Health: 268/268    AC: 51    Str: 37    XL:     26   Next: 52%
Magic:  23/23      EV:  7    Int:  8    God:    Ashenzari [*****.]
Gold:   5955       SH: 30    Dex: 11    Spells: 2/25 levels left

rFire   + + +      SeeInvis +    b - +9 demon whip (flame)
rCold   + + +      Faith    .    r - +3 tower shield {rC+}
rNeg    + . .      Spirit   .    X - +11 gold dragon scales of the Wild Blue Yonder {rPois rF+ rC+, Bglg, Evo} (curse)
rPois   +          Reflect  +    t - +2 hat "Prophetic Panentheism" {Will+, Cun, Evo} (curse)
rElec   +          Roll     +    B - scarf of the Wild Blue Yonder {rC+ rF+, Elem, Cun} (curse)
rCorr   +          Clarity  +    w - +0 pair of gloves "Thunder Perfect Mind" {hurl, Range, Self} (curse)
Will    +++..                    P - +5 barding "Shattered Stickiness" {+Blink Regen+ rCorr Dex+4, Fort, Melee} (curse) Stlth
                                 G - amulet "Share My Restlessness" {Reflect SH+5, Self, Melee} (curse)
HPRegen 1.44/turn                L - ring "Eternal Omen" {rElec rN+ rCorr Str+2, Fort, Bglg} (curse)
MPRegen 0.18/turn                Y - ring of the Unyielding Gaze {Will+, Fort, Alch} (curse)

@: no status effects
A: large, rugged brown scales 3, deformed body, armoured tail, roll, long
tongue, awkward tongue, horns 1, talons 1, iridescent scales 1, clumsy 2, fire
resistance 1, strong 1
0: Orb of Zot
}: 3/15 runes: serpentine, barnacled, slimy
a: Renounce Religion, Evoke Blink, Curse Item, Shatter the Chains


You escaped.
You worshipped Ashenzari.
Ashenzari was extremely pleased with you.
You visited 10 branches of the dungeon, and saw 52 of its levels.
You also visited: Ossuary, Gauntlet, Ice Cave and Desolation.

You collected 8096 gold pieces.
You spent 2141 gold pieces at shops.

Inventory:

Hand Weapons
 a - the +5 demon whip "Spellbinder" {antimagic, disrupt, Will+}
   (You acquired it on level 1 of the Elven Halls)

   Will:      It increases your willpower.
 b - a +9 demon whip of flaming (weapon)
Missiles
 y - 6 boomerangs of dispersal
 I - 10 curare-tipped darts
 R - 10 javelins (quivered)
 W - 13 silver javelins
Armour
 r - a +3 tower shield of cold resistance (worn)
 t - the cursed +2 hat "Prophetic Panentheism" (worn) {Will+, Cun, Evo}
   (You found it in a Gauntlet)

   It has a curse which improves the following skills: Cunning: Dodging and
   Stealth.
   Evocations: Evocations.
 w - the cursed +0 pair of gloves "Thunder Perfect Mind" (worn) {hurl, Range, Self}
   (You found it in a Gauntlet)

   It has a curse which improves the following skills: Ranged Combat: Ranged
   Weapons and Throwing.
   Introspection: Fighting and Spellcasting.
 B - the cursed scarf of the Wild Blue Yonder (worn) {rC+ rF+, Elem, Cun}
   (You found it on level 3 of the Realm of Zot)

   It has a curse which improves the following skills: Elements: Fire Magic, Ice
   Magic, Air Magic and Earth Magic.
   Cunning:   Dodging and Stealth.
 P - the cursed +5 barding "Shattered Stickiness" (worn) {+Blink Regen+ rCorr Dex+4, Fort, Melee}
   (You acquired it in a Gauntlet)

   Dex:       It affects your dexterity (+4).
   +Blink:    It lets you blink.
   Regen:     It increases your rate of health regeneration.
   rCorr:     It protects you from acid and corrosion.
   It has a curse which improves the following skills: Fortitude: Armour and
   Shields.
   Melee Combat: Short Blades, Long Blades, Axes, Maces & Flails, Polearms,
   Staves and Unarmed Combat.
 X - the cursed +11 gold dragon scales of the Wild Blue Yonder (worn) {rPois rF+ rC+, Bglg, Evo}
   (You took it off Parghit on level 1 of the Realm of Zot)

   rF:        It protects you from fire.
   rC:        It protects you from cold.
   rPois:     It protects you from poison.
   It has a curse which improves the following skills: Beguiling: Conjurations,
   Hexes and Translocations.
   Evocations: Evocations.
Jewellery
 G - the cursed amulet "Share My Restlessness" (around neck) {Reflect SH+5, Self, Melee}
   (You found it on level 9 of the Dungeon)

   [amulet of reflection]

   It reflects blocked missile attacks.
   SH:        It affects your SH (+5).
   It has a curse which improves the following skills: Introspection: Fighting
   and Spellcasting.
   Melee Combat: Short Blades, Long Blades, Axes, Maces & Flails, Polearms,
   Staves and Unarmed Combat.
 L - the cursed ring "Eternal Omen" (left hand) {rElec rN+ rCorr Str+2, Fort, Bglg}
   (You found it in an ice cave)

   [ring of positive energy]

   Str:       It affects your strength (+2).
   rElec:     It insulates you from electricity.
   rN:        It protects you from negative energy.
   rCorr:     It protects you from acid and corrosion.
   It has a curse which improves the following skills: Fortitude: Armour and
   Shields.
   Beguiling: Conjurations, Hexes and Translocations.
 Y - the cursed ring of the Unyielding Gaze (right hand) {Will+, Fort, Alch}
   (You found it on level 3 of the Lair of Beasts)

   [ring of willpower]

   Will:      It increases your willpower.
   It has a curse which improves the following skills: Fortitude: Armour and
   Shields.
   Alchemy:   Poison Magic and Transmutations.
Wands
 p - a wand of charming (25)
 s - a wand of digging (3)
 F - a wand of polymorph (15)
 H - a wand of flame (38)
 K - a wand of mindburst (12)
 N - a wand of roots (19)
 S - a wand of light (20)
Scrolls
 d - 14 scrolls of blinking
 j - 7 scrolls of poison
 m - 17 scrolls of teleportation
 n - 6 scrolls of silence
 o - 3 scrolls of butterflies
 A - 4 scrolls of magic mapping
 D - 8 scrolls of amnesia
 E - 9 scrolls of fear
 O - 10 scrolls of fog
Potions
 c - 2 potions of berserk rage
 e - 7 potions of heal wounds
 h - 3 potions of haste
 l - a potion of ambrosia
 q - 12 potions of brilliance
 u - 5 potions of magic
 v - 17 potions of flight
 x - 5 potions of might
 z - 17 potions of curing
 J - 4 potions of mutation
 M - 3 potions of invisibility
 Z - 5 potions of cancellation
Miscellaneous
 f - a tin of tremorstones (2/2)
 i - a phantom mirror (inert)
 k - a box of beasts
 Q - a lightning rod (4/4)
 T - a phial of floods
 U - a condenser vane


   Skills:
 - Level 20.2(23.3) Fighting
 - Level 17.1(20.3) Maces & Flails
 - Level 13.7(15.9) Throwing
 - Level 17.8(22.1) Armour
 - Level 9.4(12.9) Dodging
 - Level 5.1(8.4) Stealth
 - Level 18.9(23.1) Shields
 - Level 13.4(16.8) Conjurations
 - Level 8.2(11.7) Hexes
 - Level 9.0(12.5) Translocations
 + Level 13.2(15.5) Transmutations
 - Level 13.2(15.4) Air Magic
 - Level 15.5(18.8) Evocations


You had 2 spell levels left.
You knew the following spells:

 Your Spells              Type           Power      Damage    Failure   Level
a - Swiftness             Air            24%        N/A       1%          3
b - Airstrike             Air            12%        2d(2-18)  5%          4
c - Arcjolt               Conj/Air       13%        1d23      12%         5
d - Portal Projectile     Hex/Tloc       38%        N/A       7%          3
e - Vhi's Electric Charg  Tloc/Air       44%        N/A       3%          3
f - Irradiate             Conj/Tmut      13%        3d16      12%         5

Your spell library contained the following spells:

 Spells                   Type           Power      Damage    Failure   Level
 Shock                    Conj/Air       100%       1d9       1%          1
 Static Discharge         Conj/Air       52%        2-5/arc   1%          2
 Wereblood                Tmut           25%        N/A       1%          2
 Slow                     Hex            76%        N/A       2%          1
 Lesser Beckoning         Tloc           40%        N/A       3%          2
 Sting                    Tmut/Pois      48%        1d5       13%         1
 Ensorcelled Hibernation  Hex/Ice        18%        N/A       38%         2
 Freeze                   Ice            0%         1d3       96%         1
 Sandblast                Erth           0%         2d4       96%         1
 Necrotise                Necr           0%         1d4       97%         1
 Summon Small Mammal      Summ           0%         N/A       97%         1
 Sublimation of Blood     Necr           0%         N/A       99%         2
 Gell's Gravitas          Tloc           20%        N/A       6%          3
 Teleport Other           Tloc           20%        N/A       6%          3
 Confusing Touch          Hex            19%        N/A       8%          3
 Fulminant Prism          Conj/Hex       11%        3d8       10%         4
 Lightning Bolt           Conj/Air       13%        1d26      12%         5
 Blade Hands              Tmut           12%        N/A       16%         5
 Kindle Blastsparks       Fire/Tloc/Air  30%        2d12      21%         3
 Hailstorm                Conj/Ice       13%        3d5       30%         3
 Stone Arrow              Conj/Erth      26%        3d8       30%         3
 Yara's Violent Unravell  Hex/Tmut       11%        3d6       32%         5
 Inner Flame              Hex/Fire       9%         N/A       63%         3
 Summon Guardian Golem    Hex/Summ       9%         N/A       65%         3
 Flame Wave               Conj/Fire      13%        2d6       69%         4
 Sticky Flame             Conj/Fire      13%        2d4       69%         4
 Freezing Cloud           Conj/Ice/Air   8%         6-21      71%         5
 Ignite Poison            Fire/Tmut/Pois 8%         N/A       73%         3
 Ice Form                 Ice/Tmut       12%        N/A       77%         4
 Petrify                  Tmut/Erth      12%        N/A       77%         4
 Leda's Liquefaction      Hex/Erth       4%         N/A       95%         4
 Anguish                  Hex/Necr       4%         N/A       96%         4
 Dispersal                Tloc           10%        N/A       96%         6
 Alistair's Intoxication  Tmut/Pois      8%         N/A       98%         5
 Call Canine Familiar     Summ           0%         N/A       100%        3
 Frozen Ramparts          Ice            0%         1d1       100%        3
 Ozocubu's Armour         Ice            0%         N/A       100%        3
 Vampiric Draining        Necr           0%         2d6       100%        3
 Animate Armour           Summ/Erth      0%         N/A       100%        4
 Animate Dead             Necr           0%         N/A       100%        4
 Dispel Undead            Necr           0%         3d6       100%        4
 Olgreb's Toxic Radiance  Pois           0%         N/A       100%        4
 Summon Ice Beast         Ice/Summ       0%         N/A       100%        4
 Agony                    Necr           0%         N/A       100%        5
 Borgnjor's Vile Clutch   Necr/Erth      0%         N/A       100%        5
 Metabolic Englaciation   Hex/Ice        4%         N/A       100%        5
 Summon Forest            Summ/Tloc      5%         N/A       100%        5
 Summon Mana Viper        Hex/Summ       9%         N/A       100%        5
 Death Channel            Necr           0%         N/A       100%        6
 Eringya's Noxious Bog    Tmut/Pois      6%         N/A       100%        6
 Iron Shot                Conj/Erth      6%         9d2       100%        6
 Simulacrum               Ice/Necr       0%         N/A       100%        6
 Summon Cactus Giant      Summ           0%         N/A       100%        6
 Enfeeble                 Hex            9%         N/A       100%        7
 Haunt                    Necr/Summ      0%         N/A       100%        7
 Summon Hydra             Summ           0%         N/A       100%        7
 Borgnjor's Revivificati  Necr           0%         N/A       100%        8
 Infestation              Necr           0%         N/A       100%        8
 Lehudib's Crystal Spear  Conj/Erth      6%         10d3      100%        8
 Maxwell's Capacitive Co  Air            12%        ∞         100%        8
 Necromutation            Tmut/Necr      6%         N/A       100%        8
 Chain Lightning          Conj/Air       13%        3d17      100%        9
 Death's Door             Necr           0%         N/A       100%        9
 Polar Vortex             Ice            0%         N/A       100%        9


Dungeon Overview and Level Annotations

Branches:
Dungeon (15/15)            Temple (0/1) D:4            Lair (5/5) D:10
 Shoals (4/4) Lair:2        Snake (4/4) Lair:2        Slime (5/5) Lair:5
    Orc (2/2) D:9             Elf (3/3) Orc:2        Vaults (5/5) D:13
  Crypt (0/3) Vaults:2     Depths (4/4) D:15            Zot (5/5) Depths:4
Ossuary (visited)           IceCv (visited)         Desolation (visited)
Gauntlet (visited)

Altars:
Ashenzari
Cheibriados
Dithmenos
Elyvilon
Gozag
Kikubaaqudgha
Makhleb
Qazlal
Ru
Sif Muna
Trog
Vehumet
Xom
Yredelemnul
Jiyva

Shops:
D:8 *   Orc:1 *   Orc:2 !:!(   Elf:2 (   Shoals:1 *   Shoals:3 [   Snake:2 :==
Vaults:2 (   Depths:1 [   Depths:3 (

Portals:
Hell: Lair:5 Depths:1 Depths:2 Depths:3 Depths:4
Abyss: Depths:3 Depths:4
Pandemonium: Orc:2 Depths:2
Ziggurat: Depths:1


Innate Abilities, Weirdness & Mutations

You are completely covered in rugged brown scales. (AC +3, +7% HP)
Armour fits poorly on your strangely shaped body.
You have a long armoured tail.
You roll when moving toward enemies. (Rampage)
Your long tongue fully drains potion bottles. (2x potion effects)
Your tongue gives you trouble enunciating. (1.5x scroll delay)
You have a pair of small horns on your head.
You have sharp toenails.
You are partially covered in iridescent scales. (AC +2)
You are very clumsy. (Dex -4)
Your flesh is heat resistant. (rF+)
Your muscles are strong. (Str +4, Int/Dex -1)


Message History

You sense a monster nearby.
An Irchucw and an ancient lich come into view.
Irchucw moves out of view.
The ancient lich gestures wildly while chanting.
The ancient lich seems to speed up.
There is a staircase leading out of the dungeon here.
Press: ? - help, v - describe, . - travel
Here: an ancient lich (fast)
The floor.
Throw: 2 throwing nets
Press: ? - help, Shift-Dir - straight line, f - Irchucw
Aim: Irchucw (surrounded by freezing clouds, 37% to hit)
You throw a throwing net.
The throwing net closely misses Irchucw.
The ancient lich points at you and mumbles some strange words.
The bolt of acid hits you but does no damage.
Throw: throwing net
Press: ? - help, Shift-Dir - straight line, f/p - Irchucw
Aim: Irchucw (surrounded by freezing clouds, 37% to hit)
You throw a throwing net. The throwing net hits Irchucw.
Irchucw is caught in the net!
Irchucw gestures.
Irchucw seems to speed up.
Irchucw struggles against the net.
Press: ? - help, v - describe, . - travel, g - get item
Here: Irchucw (fast, surrounded by freezing clouds, entangled in a net) Item here: a throwing net.
The floor.
What are your orders? t - Shout!
Orders for allies: a - Attack new target. p - Attack previous target. r - Retreat! s - Stop attacking. g - Guard the area. f - Follow me.
Anything else - Cancel.
Follow me!
The ancient lich is engulfed in freezing vapours.
Irchucw struggles against the net.
Irchucw struggles against the net.
You block the ancient lich's attack.
Irchucw struggles against the net.
The net rips apart, and Irchucw comes free!
You have escaped!

#.....#.#####.###.
##.##..#.#...#...#.
#...#.##.........#.
###.#.###......#.#.
##....##..##...#.
####..##........
#...#######.. ####
#.#..####....
#@.####..##.#..#..
##L.# #....{...##.
##.######..#.###.
#.°&###.○..## #.
#...○{..#### #.
###.###(### #.
##...##..# #.
##....#..## #.
#..#....## #.


You could see Irchucw (fast, clouds) and an ancient lich (fast).

Vanquished Creatures
  the Royal Jelly (Slime:5)
  7 orbs of fire
  An ancient lich (Zot:5)
  7 dread liches
  Mennas (Vaults:4)
  Sojobo (Depths:1)
  5 Killer Klowns
  Parghit (Zot:1)
  4 curse toes
  Xtahua (Vaults:3)
  Vashnia (Snake:4)
  6 golden dragons
  Nikola (Snake:4)
  A bone dragon (Depths:4)
  the Enchantress (Depths:4)
  2 electric golems (Zot:5)
  An iron giant (Depths:4)
  Jorgrun (Shoals:1)
  13 tentacled monstrosities
  Mlioglotl (Snake:1)
  A walking crystal tome (Depths:4)
  A walking frostbound tome (Depths:1)
  4 liches
  30 Orb Guardians
  2 deep elf master archers (Elf:3)
  A walking divine tome (Depths:4)
  3 deep elf blademasters
  7 sphinxes
  A quicksilver dragon (Zot:4)
  An Executioner (Zot:2)
  An ancient champion (Vaults:2)
  17 acid blobs
  A titan (Depths:2)
  5 death cobs
  The ghost of Polaczum the Brawler, an adept TrMo of Nemelex Xobeh (Depths:4)
  7 storm dragons
  3 tengu reavers
  8 shadow dragons
  6 nagarajas (Snake:4)
  Donald (Shoals:1)
  6 fire giants
  5 draconian knights
  Ilsuiw (Shoals:2)
  5 draconian monks
  9 rockslimes
  3 deep elf sorcerers
  10 azure jellies
  8 draconian scorchers
  Aizul (Depths:1)
  11 vault wardens
  The ghost of Notaij the Fencer, a journeyman DrEE of Sif Muna (D:15)
  10 frost giants
  3 iron dragons
  3 imperial myrmidons (Desolation)
  3 draconian shifters
  The ghost of Wyzutisk the Bludgeoner, a journeyman MiFi of Qazlal (Shoals:1)
  4 spriggan defenders
  A ghoul (Vaults:2)
  14 ironbound preservers
  10 draconian annihilators
  2 war gargoyles (Vaults:2)
  3 deep elf elementalists (Elf:3)
  10 quicksilver oozes
  21 very ugly things
  2 reapers
  5 draconian stormcallers
  17 green draconians
  15 stone giants
  7 vampire knights
  5 deep elf demonologists (Elf:3)
  A halazid warlock (Desolation)
  10 black draconians
  16 dire elephants
  8 deep elf annihilators
  4 ironbound thunderhulks (Vaults:3)
  Azrael (Elf:1)
  A minotaur (Gauntlet)
  15 red draconians
  11 purple draconians
  2 spark wasps (Depths:2)
  5 yellow draconians
  10 white draconians
  Snorg (D:10)
  6 deep elf death magi
  5 crystal guardians
  A blizzard demon (Depths:4)
  16 merfolk impalers
  11 ettins
  Josephine (D:9)
  A jiangshi (Vaults:2)
  2 entropy weavers
  8 fire dragons
  9 ragged hierophants (Desolation)
  12 merfolk javelineers
  10 ice dragons
  A great orb of eyes (shapeshifter) (Elf:1)
  8 great orbs of eyes
  3 deep elf high priests
  3 salamander tyrants (Snake:4)
  10 yaktaur captains
  28 vault guards
  3 catoblepae
  6 peacekeepers
  4 spriggan air magi
  18 hydras
  3 hell beasts
  An ogre mage (D:15)
  5 merfolk aquamancers
  12 servants of whispers (Desolation)
  2 rakshasas (Depths:1)
  5 merfolk avatars
  17 anacondas
  A caustic shrike simulacrum (IceCv)
  8 boulder beetles
  3 centaur warriors
  7 ironbound frosthearts
  4 satyrs
  27 dancing weapons
  2 demonspawn (Orc:2)
  13 two-headed ogres
  5 deep troll earth magi
  3 alligator snapping turtles
  9 deep troll shamans
  20 naga warriors
  9 orc high priests (Orc:2)
  10 shock serpents
  8 spriggan berserkers
  5 tengu warriors
  A hell hog (Depths:3)
  13 naga sharpshooters
  6 hell knights (Depths:3)
  7 spriggans (Depths:4)
  19 deep elf knights
  Amaemon (Lair:2)
  Sonja (Lair:2)
  9 iron trolls
  3 soul eaters
  10 salamander mystics
  A sun demon (Depths:2)
  9 skysharks
  11 sea snakes
  46 deep trolls
  3 glowing orange brains
  Lodul (D:14)
  A swamp dragon (shapeshifter) (Depths:1)
  A flayed ghost (Depths:2)
  A spriggan simulacrum (IceCv)
  10 lindwurms
  2 phantasmal warriors (Depths:3)
  13 deep elf archers
  2 bog bodies (IceCv)
  A lindwurm (shapeshifter) (Elf:3)
  An obsidian statue (IceCv)
  8 naga ritualists
  7 wizards
  Pikel (D:4)
  A kraken simulacrum (Shoals:4)
  5 orc knights
  21 ironbound convokers
  6 necromancers
  25 deep elf pyromancers
  13 mana vipers
  27 deep elf zephyrmancers
  35 ugly things
  22 harpies
  2 orc sorcerers (Orc:2)
  17 manticores
  12 fauns
  9 cyclopes
  A wolf spider (shapeshifter) (Depths:2)
  23 moths of wrath
  A moth of wrath (shapeshifter) (Elf:2)
  4 shining eyes
  33 black mambas
  5 elephants (Lair:3)
  2 eyes of devastation
  24 salamanders
  8 merfolk sirens
  14 guardian serpents
  18 vault sentinels
  5 water nymphs
  3 gargoyles
  A molten gargoyle (Desolation)
  2 torpor snails (Lair:2)
  2 orange demons
  A smoke demon (Orc:2)
  13 cane toads
  12 naga magi
  Maggie (D:9)
  An unseen horror (D:13)
  3 anaconda simulacra (IceCv)
  5 kobold demonologists
  A rime drake (Lair:4)
  5 ice devils
  6 tengu conjurers
  20 freezing wraiths
  9 komodo dragons
  27 yaktaurs
  A golden dragon simulacrum (IceCv)
  A red devil (Orc:2)
  49 merfolk
  7 wind drakes
  5 trolls
  A polar bear (Lair:3)
  A wolf spider simulacrum (Gauntlet)
  69 saltlings (Desolation)
  5 hornets
  4 hellwings
  12 blink frogs
  4 dream sheep
  106 slime creatures
  6 snapping turtles
  A large abomination (Elf:1)
  3 centaur simulacra (Gauntlet)
  2 shadows
  3 wyverns
  3 dire elephant simulacra (IceCv)
  An air elemental (Elf:1)
  20 water elementals
  3 basilisks
  5 fire elementals
  9 wraiths
  42 yaks
  4 golden eyes
  4 redbacks
  A steam dragon (D:7)
  2 minotaur simulacra (IceCv)
  4 harpy simulacra (IceCv)
  A chaos spawn (D:8)
  3 vampire mosquitoes (D:11)
  55 nagas
  A warg (Orc:1)
  A swamp worm (shapeshifter) (Vaults:5)
  11 water moccasins
  An acid dragon (D:13)
  A hydra simulacrum (Gauntlet)
  9 hell hounds
  A floating eye (shapeshifter) (Depths:4)
  28 orc warriors
  2 sky beasts (D:7)
  A black bear (D:7)
  3 ice beasts
  4 alligator simulacra (IceCv)
  An ettin simulacrum (IceCv)
  7 centaurs
  15 ogres
  11 wolves
  A lemure (D:4)
  5 elf zombies
  8 kobold brigands
  15 bullfrogs
  3 necrophages (D:4)
  A scorpion (D:6)
  3 earth elementals
  2 deep troll simulacra (IceCv)
  7 wights
  9 killer bees
  2 lindwurm simulacra (IceCv)
  3 howler monkeys
  3 electric eels
  7 centaur zombies (Ossuary)
  3 lava snakes (Lair:2)
  Crazy Yiuf (D:2)
  4 human zombies
  21 orc priests
  9 hounds
  5 jellies
  2 gnoll boudas
  5 iguanas
  Jessica (D:2)
  Terence (D:3)
  16 orc wizards
  A sleepcap (D:6)
  4 hell rats
  2 scorpion zombies (D:4)
  6 mummies
  12 gnolls
  14 adders
  A white imp (D:6)
  An ufetubus (D:7)
  An adder zombie (D:4)
  3 worms
  4 dart slugs
  72 orcs
  3 ball pythons
  6 bats
  10 endoplasms
  3 giant cockroaches
  4 goblins
  14 hobgoblins
  15 jackals
  3 quokkas
  4 frilled lizards (D:1)
  25 kobolds
  6 rats
  2 rat zombies (D:5)
  A bush (Lair:2)
  5 pillars of salt (Vaults:4)
  A tentacle (Shoals:4)
2312 creatures vanquished.

Vanquished Creatures (collateral kills)
  A draconian annihilator (Zot:4)
  A deep elf elementalist (Elf:3)
  A servant of whispers (Desolation)
  An orc knight (Orc:2)
  An ironbound convoker (Desolation)
  A deep elf zephyrmancer (Vaults:1)
  A cyclops (Shoals:4)
  A molten gargoyle (Desolation)
  A rime drake (Lair:3)
  3 saltlings (Desolation)
  A slime creature (Vaults:1)
  A bullfrog (Lair:3)
  An orc (Orc:2)
15 creatures vanquished.

Vanquished Creatures (others)
  A draconian knight (Zot:4)
  A deep elf death mage (Elf:3)
  A ragged hierophant (Desolation)
  An ice dragon (Depths:2)
  2 deep elf knights
  2 deep elf pyromancers (Elf:1)
  A faun (Shoals:4)
  A yak (Lair:3)
  A large abomination (Elf:1)
  A naga (Snake:4)
  A human (D:8)
  6 bushes (D:8)
  43 fungi
  3 pillars of salt (Vaults:4)
  42 plants
  2 tentacles (Shoals:4)
109 creatures vanquished.

Grand Total: 2436 creatures vanquished

Notes
Turn   | Place    | Note
-------+----------+-------------------------------------------
     0 | D:1      | octoduck the Armataur Fighter began the quest for the Orb.
     0 | D:1      | Reached XP level 1. HP: 19/19 MP: 1/1
   409 | D:1      | Reached XP level 2. HP: 26/26 MP: 2/2
   695 | D:1      | Reached XP level 3. HP: 31/32 MP: 3/3
  1377 | D:2      | Noticed Jessica
  1517 | D:1      | Reached XP level 4. HP: 26/39 MP: 4/4
  1750 | D:2      | Killed Jessica
  2064 | D:2      | Reached XP level 5. HP: 43/44 MP: 5/5
  2130 | D:2      | Found a runed translucent door.
  2131 | D:2      | Noticed Crazy Yiuf
  2138 | D:2      | Killed Crazy Yiuf
  2139 | D:2      | Reached skill level 5 in Maces & Flails
  2392 | D:2      | Found a faded altar of an unknown god.
  2395 | D:2      | Prayed at the altar of an unknown god.
  2395 | D:2      | Became a worshipper of Ashenzari the Shackled
  2610 | D:3      | Noticed Terence
  2627 | D:3      | Killed Terence
  3125 | D:3      | Found an opulent altar of Gozag.
  3316 | D:4      | Found a staircase to the Ecumenical Temple.
  3322 | D:4      | Reached XP level 6. HP: 53/53 MP: 6/6
  3993 | D:4      | Found a white marble altar of Elyvilon.
  4065 | D:4      | Reached XP level 7. HP: 59/59 MP: 7/7
  4267 | D:4      | Noticed Pikel
  4282 | D:4      | Killed Pikel
  4565 | D:4      | Reached XP level 8. HP: 66/66 MP: 8/8
  4571 | D:4      | Reached * piety under Ashenzari
  4913 | D:4      | Found a basalt altar of Yredelemnul.
  5098 | D:4      | Found a shimmering blue altar of Sif Muna.
  5249 | D:5      | Entered Level 5 of the Dungeon
  5322 | D:5      | Reached skill level 10 in Maces & Flails
  5332 | D:5      | Found a sand-covered staircase.
  5367 | Ossuary  | Entered an ossuary
  5628 | Ossuary  | Reached XP level 9. HP: 71/74 MP: 7/9
  6630 | D:6      | Reached ** piety under Ashenzari
  7958 | D:7      | Identified the +4 short sword of Painful Death {protect,
                  | rElec Int+3}
  7977 | D:7      | Found a bloodstained altar of Trog.
  8149 | D:7      | Reached XP level 10. HP: 77/84 MP: 8/10
  8434 | D:7      | Reached skill level 5 in Armour
  8548 | D:7      | Found a sacrificial altar of Ru.
  8551 | D:7      | Found a stormy altar of Qazlal.
  8554 | D:7      | Found a shadowy altar of Dithmenos.
  8945 | D:8      | Found Qutzio's General Store.
  9403 | D:8      | Identified the cursed +4 morningstar "Oracular Disgust"
                  | {Self, Cun} (You took it off a wight on level 6 of the
                  | Dungeon)
  9403 | D:8      | Identified the cursed +0 cloak "Cursed Omen" {Self, Cun}
                  | (You found it on level 3 of the Dungeon)
  9403 | D:8      | Identified the cursed +0 helmet "Share My Atheism" {Elem,
                  | Evo} (You found it on level 2 of the Dungeon)
  9403 | D:8      | Identified the cursed +0 plate armour of Panopticon {Alch,
                  | Self} (You found it on level 5 of the Dungeon)
  9470 | D:8      | Noticed a two-headed ogre
  9739 | D:8      | Found an ancient bone altar of Kikubaaqudgha.
  9808 | D:8      | Found a burning altar of Makhleb.
 10312 | D:9      | Found a staircase to the Orcish Mines.
 10880 | D:9      | Reached *** piety under Ashenzari
 10941 | D:9      | Paralysed by a hornet for 1 turns
 11040 | D:9      | Noticed a two-headed ogre
 11864 | D:9      | Killed a two-headed ogre
 12360 | D:10     | Entered Level 10 of the Dungeon
 12369 | D:9      | Reached XP level 11. HP: 91/94 MP: 11/11
 12394 | D:10     | Reached skill level 3 in Fighting
 12607 | D:10     | Noticed a purple ugly thing
 12607 | D:10     | Noticed Maggie
 12607 | D:10     | Noticed Josephine
 12805 | D:8      | Killed a two-headed ogre
 13289 | Orc:1    | Entered Level 1 of the Orcish Mines
 13302 | Orc:1    | Noticed a two-headed ogre
 13570 | D:9      | Killed a two-headed ogre
 13571 | D:9      | Reached skill level 1 in Evocations
 14135 | Orc:1    | Reached **** piety under Ashenzari
 14155 | Orc:2    | Entered Level 2 of the Orcish Mines
 14394 | Orc:2    | Found a staircase to the Elven Halls.
 14805 | Orc:2    | Reached skill level 10 in Armour
 15256 | Orc:1    | Found Jabodul's Assorted Antiques.
 15265 | Orc:1    | Bought a potion of might for 64 gold pieces
 15326 | Orc:1    | Noticed an orc knight
 15353 | Orc:2    | Killed an orc knight
 16194 | D:8      | Bought the +9 plate armour of Eternal Night {Fly rN+} for
                  | 1219 gold pieces
 16352 | Orc:2    | Noticed an orc knight
 16399 | Orc:2    | Killed an orc knight
 16407 | Orc:2    | Reached skill level 5 in Evocations
 16631 | Orc:2    | Reached skill level 4 in Fighting
 16756 | Orc:2    | Found Desen's Distillery.
 16758 | Orc:2    | Found Reown's Distillery.
 16836 | Orc:2    | Bought a potion of heal wounds for 75 gold pieces
 17133 | Orc:2    | Noticed an orc high priest
 17133 | Orc:2    | Noticed an orc knight
 17146 | Orc:2    | Killed an orc high priest
 17147 | Orc:2    | Reached skill level 5 in Shields
 17164 | Orc:2    | Killed an orc knight
 17339 | Orc:2    | Noticed an orc high priest
 17339 | Orc:2    | Noticed an orc sorcerer
 17358 | Orc:2    | Killed an orc high priest
 17359 | Orc:2    | Reached XP level 12. HP: 102/107 MP: 10/12
 17368 | Orc:2    | Reached skill level 5 in Fighting
 17877 | Orc:2    | Noticed an orc high priest
 17892 | Orc:2    | Killed an orc high priest
 17895 | Orc:2    | Noticed an orc high priest
 17903 | Orc:2    | Killed an orc high priest
 18012 | Orc:2    | Noticed an orc high priest
 18026 | Orc:2    | Killed an orc high priest
 18027 | Orc:2    | Reached skill level 6 in Fighting
 18042 | Orc:2    | Noticed an orc high priest
 18043 | Orc:2    | Noticed a demonspawn
 18068 | Orc:2    | Killed an orc high priest
 18080 | Orc:2    | Killed a demonspawn
 18204 | Orc:2    | Noticed a demonspawn
 18204 | Orc:2    | Noticed an orc high priest
 18228 | Orc:2    | Killed a demonspawn
 18282 | Orc:2    | Killed an orc high priest
 18397 | Orc:2    | Noticed an orc high priest
 18412 | Orc:2    | Killed an orc high priest
 18432 | Orc:2    | Noticed an orc high priest
 18444 | Orc:2    | Killed an orc high priest
 18445 | Orc:2    | Reached skill level 10 in Shields
 18474 | Orc:2    | Found Umiaguan's Antique Weapon Shop.
 18474 | Orc:2    | Found Obbauch's Book Boutique.
 18474 | Orc:2    | Found a one-way gate leading to the halls of Pandemonium.
 18597 | D:9      | Killed Maggie
 18598 | D:9      | Reached skill level 7 in Fighting
 18644 | D:10     | Identified the +1 scale mail of the Evening {Str+6}
 18675 | D:9      | Killed Josephine
 18676 | D:9      | Reached skill level 1 in Throwing
 18797 | D:10     | Found a staircase to the Lair.
 18923 | D:10     | Noticed Snorg
 18936 | D:10     | Killed Snorg
 19181 | Orc:2    | Bought a potion of berserk rage for 75 gold pieces
 19181 | Orc:2    | Bought a potion of might for 60 gold pieces
 19183 | Orc:2    | Bought a potion of might for 48 gold pieces
 19896 | D:10     | Reached XP level 13. HP: 120/120 MP: 13/13
 20395 | Lair:1   | Entered Level 1 of the Lair of Beasts
 20720 | Lair:1   | Reached skill level 1 in Dodging
 21511 | Lair:2   | Noticed Sonja
 21533 | Lair:2   | Identified a scroll of acquirement
 21552 | Lair:2   | Noticed Amaemon
 21785 | Lair:2   | Killed Amaemon
 22025 | Lair:2   | Reached skill level 5 in Throwing
 22068 | Lair:2   | Found a staircase to the Snake Pit.
 22362 | Lair:2   | Found a snail-covered altar of Cheibriados.
 22635 | Lair:2   | Found a staircase to the Shoals.
 23029 | Lair:3   | Found the +6 arbalest "Damnation" {damnation}
 23057 | Lair:3   | Reached skill level 1 in Stealth
 23088 | Lair:3   | HP: 9/181 [yak (9)]
 23930 | Lair:3   | Reached skill level 5 in Stealth
 24943 | Lair:4   | Reached ***** piety under Ashenzari
 24992 | Lair:4   | Found a gate leading to a gauntlet.
 25021 | Gauntlet | Entered a Gauntlet
 25021 | Gauntlet | Found a transporter.
 25021 | Gauntlet | Found a transporter.
 25116 | Gauntlet | Found a transporter.
 25119 | Gauntlet | Found a transporter.
 25121 | Gauntlet | Found a transporter.
 25129 | Gauntlet | Found a transporter.
 25129 | Gauntlet | Noticed a quicksilver ooze
 25196 | Gauntlet | Found a transporter.
 25208 | Gauntlet | Found a transporter.
 25222 | Gauntlet | Found a transporter.
 25224 | Gauntlet | Found a large runed translucent door.
 25225 | Gauntlet | Found a large runed translucent door.
 25226 | Gauntlet | Found a large runed translucent door.
 25226 | Gauntlet | Found a large runed translucent door.
 25226 | Gauntlet | Found a runed translucent door.
 25226 | Gauntlet | Found a runed translucent door.
 25227 | Gauntlet | Found a large runed translucent door.
 25228 | Gauntlet | Found a large runed translucent door.
 25229 | Gauntlet | Found a large runed translucent door.
 25229 | Gauntlet | Found a large runed translucent door.
 25230 | Gauntlet | Found a runed translucent gate.
 25230 | Gauntlet | Found a runed translucent gate.
 25230 | Gauntlet | Found a runed translucent gate.
 25232 | Gauntlet | Found a transporter.
 25241 | Gauntlet | Found a large runed translucent door.
 25241 | Gauntlet | Found a large runed translucent door.
 25242 | Gauntlet | Found a large runed translucent door.
 25243 | Gauntlet | Found a large runed translucent door.
 25247 | Gauntlet | Found a transporter.
 25253 | Gauntlet | Found a transporter.
 25285 | Gauntlet | Found a large runed translucent door.
 25286 | Gauntlet | Found a large runed translucent door.
 25287 | Gauntlet | Found a large runed translucent door.
 25287 | Gauntlet | Found a large runed translucent door.
 25492 | Gauntlet | Killed a quicksilver ooze
 25493 | Gauntlet | Reached skill level 8 in Fighting
 25521 | Gauntlet | Noticed a minotaur
 25522 | Gauntlet | Identified the +1 ring mail of the Eagle {rC++ Dex+2}
 25522 | Gauntlet | Identified the Incunabulum of Anemomancy and Vitiation
 25532 | Gauntlet | Killed a minotaur
 25674 | Gauntlet | Acquired the +5 barding of Miracles {+Blink Regen+ rCorr
                  | Dex+4}
 25891 | Lair:4   | Reached XP level 14. HP: 131/133 MP: 12/14
 26068 | Lair:5   | Entered Level 5 of the Lair of Beasts
 26294 | Lair:5   | Reached skill level 9 in Fighting
 26848 | Lair:5   | Found a viscous altar of Jiyva.
 26848 | Lair:5   | Found a staircase to the Slime Pits.
 26964 | Lair:5   | Noticed a quicksilver ooze
 26969 | Lair:5   | Killed a quicksilver ooze
 27360 | Lair:5   | Found a burning altar of Makhleb.
 27432 | Lair:5   | Reached skill level 10 in Fighting
 27529 | Lair:5   | Found a gateway to Hell.
 27798 | D:8      | Bought a condenser vane for 600 gold pieces
 29323 | D:12     | Reached skill level 11 in Fighting
 29860 | Lair:2   | Killed Sonja
 29900 | Shoals:1 | Entered Level 1 of the Shoals
 29924 | Shoals:1 | Found Affo's Assorted Antiques.
 29942 | Shoals:1 | Reached XP level 15. HP: 141/150 MP: 15/15
 30067 | Shoals:1 | Noticed Donald
 30087 | Shoals:1 | Killed Donald
 30153 | Shoals:1 | Found a runed translucent door.
 30155 | Shoals:1 | Noticed Wyzutisk's ghost (journeyman MiFi)
 30294 | Shoals:1 | Noticed Jorgrun
 30326 | Shoals:1 | Killed Jorgrun
 30327 | Shoals:1 | Reached skill level 15 in Maces & Flails
 30962 | Shoals:1 | Killed Wyzutisk's ghost
 31414 | Shoals:2 | Found an ancient bone altar of Kikubaaqudgha.
 32042 | Shoals:2 | Noticed Ilsuiw
 32088 | Shoals:2 | Killed Ilsuiw
 32554 | Shoals:3 | Reached XP level 16. HP: 66/165 MP: 17/17
 32789 | Shoals:3 | Reached skill level 12 in Fighting
 33045 | Shoals:3 | Found Pixuyriq's Antique Armour Emporium.
 33429 | Shoals:4 | Entered Level 4 of the Shoals
 34403 | Shoals:4 | Reached skill level 10 in Evocations
 34697 | Shoals:4 | Reached skill level 13 in Fighting
 34759 | Shoals:4 | Got a barnacled rune of Zot
 35457 | Snake:1  | Entered Level 1 of the Snake Pit
 35819 | Snake:1  | Reached skill level 5 in Dodging
 35841 | Snake:1  | Reached XP level 17. HP: 150/177 MP: 18/18
 36590 | Snake:1  | Noticed Mlioglotl
 36599 | Snake:1  | Killed Mlioglotl
 37607 | Snake:1  | Upgraded the game from 0.30-a0-859-gf88a04b62d to
                  | 0.30-a0-860-g512cf1e979
 38876 | Snake:2  | Found Puthoat's Book Emporium.
 38876 | Snake:2  | Found Nimop's Jewellery Boutique.
 38877 | Snake:2  | Found Viydwo's Jewellery Boutique.
 39562 | Snake:3  | Reached skill level 15 in Armour
 39585 | Snake:3  | Identified the +0 robe "Eklooz" {Fly Will+ SInv}
 39857 | Snake:3  | Reached ****** piety under Ashenzari
 40325 | Snake:3  | HP: 5/179 [shock serpent/electric aura (8)]
 41265 | Snake:4  | Entered Level 4 of the Snake Pit
 41399 | Snake:4  | Reached XP level 18. HP: 188/188 MP: 19/19
 41783 | Snake:4  | Noticed Nikola
 41804 | Snake:4  | Killed Nikola
 42643 | Snake:4  | Reached skill level 14 in Fighting
 43032 | Snake:4  | Noticed Vashnia
 43220 | Snake:4  | Reached skill level 10 in Throwing
 43404 | Snake:4  | Killed Vashnia
 43434 | Snake:4  | Got a serpentine rune of Zot
 43566 | Lair:2   | Upgraded the game from 0.30-a0-860-g512cf1e979 to
                  | 0.30-a0-862-g1aabd4f9c5
 43852 | D:13     | Found a gate to the Vaults.
 45015 | D:14     | Noticed Lodul
 45056 | D:14     | Killed Lodul
 45057 | D:14     | Reached skill level 15 in Fighting
 45418 | D:15     | Entered Level 15 of the Dungeon
 45956 | D:15     | Reached XP level 19. HP: 191/196 MP: 19/19
 46023 | D:15     | Found a frozen archway.
 46048 | IceCv    | Entered an ice cave
 46439 | IceCv    | Found an ancient bone altar of Kikubaaqudgha.
 46690 | IceCv    | Identified the ring "Otus" {rElec rN+ rCorr Str+2}
 47361 | D:15     | Found a staircase to the Depths.
 47498 | D:15     | Found a runed translucent door.
 47498 | D:15     | Found a shimmering altar of Xom.
 47498 | D:15     | Identified the +0 scimitar "Embalmer" {chaos, *Noise rN+
                  | MP+9}
 47498 | D:15     | Noticed Notaij's ghost (journeyman DrEE)
 47517 | D:15     | Killed Notaij's ghost
 47631 | Depths:1 | Entered Level 1 of the Depths
 47643 | Depths:1 | Noticed Aizul
 47657 | Depths:1 | Killed Aizul
 47992 | Depths:1 | Reached skill level 16 in Fighting
 48190 | Depths:1 | Found Rixzolowk's Armour Shoppe.
 48475 | Depths:1 | Noticed Sojobo
 48515 | Depths:1 | Killed Sojobo
 48852 | Depths:1 | Found a one-way gateway to a ziggurat.
 49080 | Depths:1 | Noticed a golden dragon
 49105 | Depths:1 | Killed a golden dragon
 50742 | Elf:1    | Entered Level 1 of the Elven Halls
 50762 | Elf:1    | Reached skill level 17 in Fighting
 51052 | Elf:1    | Reached XP level 20. HP: 205/206 MP: 20/20
 51427 | Elf:1    | Identified the Vellum of Mortification
 51516 | Elf:1    | Noticed Azrael
 51544 | Elf:1    | Killed Azrael
 52025 | Elf:1    | Acquired the +5 demon whip "Spellbinder" {antimagic,
                  | disrupt, Will+}
 52025 | Elf:1    | Found the +5 demon whip "Spellbinder" {antimagic, disrupt,
                  | Will+}
 52532 | Elf:2    | Found Sinliokyfa's Weapon Boutique.
 52563 | Elf:2    | Found a runed translucent gate.
 52563 | Elf:2    | Found a runed translucent gate.
 52564 | Elf:2    | Found a runed translucent gate.
 52861 | Elf:3    | Entered Level 3 of the Elven Halls
 52920 | Elf:3    | Reached skill level 15 in Shields
 53365 | Elf:3    | Identified the +1 leather armour "Buetes" {Int+3}
 53370 | Elf:3    | Reached skill level 18 in Fighting
 53466 | Elf:3    | Found a radiant altar of Vehumet.
 54241 | Elf:3    | Identified the +1 glaive of Zuqeq {spect, Str+3 Dex+4}
 54335 | Elf:3    | Identified the +1 long sword of Wyrd {heavy, Dex+4}
 55673 | Elf:2    | Upgraded the game from 0.30-a0-862-g1aabd4f9c5 to
                  | 0.30-a0-867-g305f33218d
 56188 | Depths:2 | Reached XP level 21. HP: 195/225 MP: 21/21
 56546 | Depths:2 | Reached skill level 19 in Fighting
 57817 | Depths:3 | Found Efrong's Antique Weapon Emporium.
 58855 | Depths:3 | Reached skill level 20 in Fighting
 59077 | Depths:3 | Found a one-way gate to the infinite horrors of the Abyss.
 59757 | Depths:4 | Entered Level 4 of the Depths
 59864 | Depths:4 | Noticed Polaczum's ghost (adept TrMo)
 59864 | Depths:4 | Identified the Compilation of the Quake
 60442 | Depths:4 | Found a runed translucent door.
 60657 | Depths:4 | Reached XP level 22. HP: 226/239 MP: 7/22
 60764 | Depths:4 | Noticed the Enchantress
 60817 | Depths:4 | Killed the Enchantress
 62039 | Depths:4 | Found a gate to the Realm of Zot.
 62172 | Depths:4 | Killed Polaczum's ghost
 62388 | Vaults:1 | Entered Level 1 of the Vaults
 63609 | Vaults:1 | Reached skill level 15 in Evocations
 64391 | Vaults:1 | Upgraded the game from 0.30-a0-867-g305f33218d to
                  | 0.30-a0-879-ga8ba668304
 64667 | Vaults:2 | Learned a level 3 spell: Swiftness
 64711 | Vaults:2 | Reached skill level 1 in Air Magic
 64957 | Vaults:2 | Found Ahastipe's Antique Weapon Boutique.
 65434 | Vaults:2 | Found a staircase to the Crypt.
 65645 | Vaults:2 | Reached skill level 5 in Air Magic
 67076 | Vaults:3 | Reached XP level 23. HP: 239/247 MP: 23/23
 67948 | Vaults:3 | Reached skill level 10 in Air Magic
 68919 | Vaults:3 | Noticed Xtahua
 68932 | Vaults:3 | Killed Xtahua
 69324 | Vaults:4 | Found a crumbling gateway.
 69346 | Desolati | Entered the Desolation of Salt
 69550 | Desolati | Identified the +4 shortbow "Gate Kie" {heavy, rElec rCorr}
 69868 | Desolati | Identified the +2 chain mail of the Lives {Rampage rC- rN++
                  | Str+3}
 69919 | Desolati | Identified the amulet of Tiarch {Faith rCorr Int+2}
 69919 | Desolati | Identified the +1 helmet of Cowardice {rElec Str-3 Int+7
                  | Dex-5}
 70293 | Desolati | Learned a level 4 spell: Airstrike
 70299 | Desolati | Learned a level 5 spell: Arcjolt
 70464 | Desolati | Identified the +7 great sword of Muutug {heavy, rPois}
 70464 | Desolati | Identified the amulet of Taitwiku {RegenMP +Inv rCorr Dex+2
                  | Stlth-}
 70491 | Desolati | Reached skill level 1 in Conjurations
 70493 | Desolati | Identified the +0 buckler "Put-Me-On" {Contam rPois rN++}
 70831 | Desolati | Identified the +4 ring mail of the Present {rC++ Dex-3}
 71110 | Desolati | Identified the Anthology of the Oath
 71176 | Desolati | Reached skill level 5 in Conjurations
 72761 | Vaults:4 | Reached XP level 24. HP: 248/255 MP: 23/23
 72764 | Vaults:4 | Reached skill level 10 in Conjurations
 73159 | Slime:1  | Entered Level 1 of the Pits of Slime
 73326 | Slime:2  | Gained mutation: Your body sometimes deteriorates upon
                  | taking damage. [a shining eye]
 73738 | Slime:5  | Entered Level 5 of the Pits of Slime
 76129 | Slime:5  | Noticed the Royal Jelly
 76170 | Slime:5  | Killed the Royal Jelly
 76222 | Slime:5  | Identified the +5 dagger "Xisej" {protect, Drain rPois
                  | Int+4 Stlth+}
 76223 | Slime:5  | Identified the +2 hat of Lethargy {rCorr Dex+3}
 76225 | Slime:5  | Identified the +10 mace of Infinite Pain {freeze, Dex+2}
 76277 | Slime:5  | Got a slimy rune of Zot
 77013 | Vaults:5 | Entered Level 5 of the Vaults
 77013 | Vaults:5 | Noticed Mennas
 77375 | Zot:1    | Entered Level 1 of the Realm of Zot
 78544 | Zot:1    | Noticed Parghit
 78552 | Zot:1    | Killed Parghit
 81036 | Zot:3    | Identified the Omnibus of the Ensnaring Morgue
 81052 | Zot:3    | Learned a level 3 spell: Portal Projectile
 81056 | Zot:3    | Learned a level 3 spell: Vhi's Electric Charge
 81062 | Zot:3    | Learned a level 5 spell: Irradiate
 81251 | Zot:3    | Reached skill level 1 in Hexes
 81251 | Zot:3    | Reached skill level 1 in Translocations
 81683 | Zot:4    | Identified the +2 pair of gloves "Imanah" {Int+3}
 81801 | Zot:4    | Reached XP level 25. HP: 154/260 MP: 7/23
 81977 | Zot:4    | Identified the Octavo of Calescent Injury
 82620 | Zot:4    | Reached skill level 5 in Translocations
 82653 | Zot:4    | Noticed a dread lich
 82688 | Zot:4    | Killed a dread lich
 82727 | Zot:4    | Reached skill level 5 in Hexes
 82727 | Zot:4    | Reached skill level 1 in Transmutations
 82966 | Zot:4    | Noticed an orb of fire
 82966 | Zot:4    | Noticed a Killer Klown
 82974 | Zot:4    | Gained mutation: You have a pair of small horns on your
                  | head. [an orb of fire]
 82983 | Zot:4    | Gained mutation: You are frail. (-10% HP) [an orb of fire]
 82995 | Zot:4    | Killed an orb of fire
 83016 | Zot:4    | Killed a Killer Klown
 83556 | Zot:5    | Entered Level 5 of the Realm of Zot
 84404 | Zot:5    | Noticed a dread lich
 84412 | Zot:5    | Noticed a dread lich
 84421 | Zot:5    | Killed a dread lich
 84443 | Zot:5    | Killed a dread lich
 84644 | Zot:5    | Noticed an ancient lich
 84644 | Zot:5    | Noticed a dread lich
 84662 | Zot:5    | Killed an ancient lich
 84726 | Zot:5    | Killed a dread lich
 84864 | Zot:5    | Noticed a Killer Klown
 84867 | Zot:5    | Noticed an orb of fire
 84904 | Zot:5    | Killed a Killer Klown
 85023 | Zot:5    | Gained mutation: You sometimes lose your temper in combat.
                  | [an orb of fire]
 85049 | Zot:5    | Killed an orb of fire
 85432 | Zot:5    | Noticed an orb of fire
 85440 | Zot:5    | Gained mutation: You are vulnerable to heat. (rF-) [an orb
                  | of fire]
 85449 | Zot:5    | Killed an orb of fire
 85450 | Zot:5    | Reached skill level 5 in Transmutations
 85666 | Zot:3    | Lost mutation: You have a pair of small horns on your head.
                  | [potion of mutation]
 85666 | Zot:3    | Lost mutation: You are frail. (-10% HP) [potion of
                  | mutation]
 85666 | Zot:3    | Lost mutation: Your body sometimes deteriorates upon taking
                  | damage. [potion of mutation]
 85666 | Zot:3    | Lost mutation: You sometimes lose your temper in combat.
                  | [potion of mutation]
 85666 | Zot:3    | Lost mutation: You are vulnerable to heat. (rF-) [potion of
                  | mutation]
 85666 | Zot:3    | Gained mutation: Your body sometimes deteriorates upon
                  | taking damage. [potion of mutation]
 85666 | Zot:3    | Gained mutation: You occasionally lose the ability to drink
                  | potions when taking damage. [potion of mutation]
 85666 | Zot:3    | Gained mutation: Your body often deteriorates upon taking
                  | damage. [potion of mutation]
 85666 | Zot:3    | Gained mutation: Your mind is acute. (Int +4, Str/Dex -1)
                  | [potion of mutation]
 85666 | Zot:3    | Gained mutation: You sometimes lose the ability to drink
                  | potions when taking damage. [potion of mutation]
 85666 | Zot:3    | Lost mutation: Your mind is acute. (Int +4, Str/Dex -1)
                  | [potion of mutation]
 85666 | Zot:3    | Gained mutation: Your flesh is heat resistant. (rF+)
                  | [potion of mutation]
 85667 | Zot:3    | Lost mutation: Your flesh is heat resistant. (rF+) [potion
                  | of mutation]
 85667 | Zot:3    | Lost mutation: Your body often deteriorates upon taking
                  | damage. [potion of mutation]
 85667 | Zot:3    | Lost mutation: You sometimes lose the ability to drink
                  | potions when taking damage. [potion of mutation]
 85667 | Zot:3    | Lost mutation: Your body sometimes deteriorates upon taking
                  | damage. [potion of mutation]
 85667 | Zot:3    | Lost mutation: You occasionally lose the ability to drink
                  | potions when taking damage. [potion of mutation]
 85667 | Zot:3    | Gained mutation: Your mind is acute. (Int +4, Str/Dex -1)
                  | [potion of mutation]
 85667 | Zot:3    | Gained mutation: You occasionally lose the ability to drink
                  | potions when taking damage. [potion of mutation]
 85667 | Zot:3    | Gained mutation: Your movements are slightly less
                  | encumbered by armour. (ER -2) [potion of mutation]
 85667 | Zot:3    | Gained mutation: You are partially covered in iridescent
                  | scales. (AC +2) [potion of mutation]
 85667 | Zot:3    | Gained mutation: Your flesh is heat resistant. (rF+)
                  | [potion of mutation]
 85667 | Zot:3    | Gained mutation: You are frail. (-10% HP) [potion of
                  | mutation]
 85667 | Zot:3    | Gained mutation: You are mostly covered in iridescent
                  | scales. (AC +4) [potion of mutation]
 85874 | Zot:5    | Noticed an orb of fire
 85889 | Zot:5    | Gained mutation: You are very frail. (-20% HP) [an orb of
                  | fire]
 85902 | Zot:5    | Gained mutation: You have hidden genetic defects. [an orb
                  | of fire]
 85906 | Zot:5    | Killed an orb of fire
 85948 | Zot:5    | Noticed a Killer Klown
 85973 | Zot:5    | Killed a Killer Klown
 86023 | Zot:5    | Identified the Guidebook on the Snowy Spider
 86238 | Zot:5    | Noticed a Killer Klown
 86252 | Zot:5    | Killed a Killer Klown
 86259 | Zot:5    | Noticed a Killer Klown
 86265 | Zot:5    | Noticed an orb of fire
 86265 | Zot:5    | Noticed a Killer Klown
 86268 | Zot:5    | Killed a Killer Klown
 86269 | Zot:5    | Reached XP level 26. HP: 194/218 MP: 7/23
 86271 | Zot:5    | Noticed an orb of fire
 86273 | Zot:5    | Gained mutation: Your body sometimes deteriorates upon
                  | taking damage. [an orb of fire]
 86275 | Zot:5    | Gained mutation: Your magical capacity is low. (-10% MP)
                  | [an orb of fire]
 86281 | Zot:5    | Gained mutation: Your magical capacity is very low. (-20%
                  | MP) [an orb of fire]
 86308 | Zot:5    | Gained mutation: Potions are less effective at restoring
                  | your health. [an orb of fire]
 86309 | Zot:5    | Lost mutation: Your mind is acute. (Int +4, Str/Dex -1) [an
                  | orb of fire]
 86337 | Zot:5    | Gained mutation: Potions cannot restore your health. [an
                  | orb of fire]
 86339 | Zot:5    | Killed an orb of fire
 86352 | Zot:5    | Killed an orb of fire
 86381 | Zot:5    | Gained mutation: Your spells are a little easier to cast,
                  | but a little less powerful. [hidden defects]
 86776 | Vaults:2 | Lost mutation: Your flesh is heat resistant. (rF+) [potion
                  | of mutation]
 86776 | Vaults:2 | Lost mutation: You are mostly covered in iridescent scales.
                  | (AC +4) [potion of mutation]
 86776 | Vaults:2 | Lost mutation: Potions cannot restore your health. [potion
                  | of mutation]
 86776 | Vaults:2 | Lost mutation: You are partially covered in iridescent
                  | scales. (AC +2) [potion of mutation]
 86776 | Vaults:2 | Gained mutation: You are partially covered in iridescent
                  | scales. (AC +2) [potion of mutation]
 86776 | Vaults:2 | Lost mutation: You are very frail. (-20% HP) [potion of
                  | mutation]
 86776 | Vaults:2 | Lost mutation: Your magical capacity is very low. (-20% MP)
                  | [potion of mutation]
 86776 | Vaults:2 | Gained mutation: You have sharp toenails. [potion of
                  | mutation]
 86777 | Vaults:2 | Lost mutation: You are frail. (-10% HP) [potion of
                  | mutation]
 86777 | Vaults:2 | Lost mutation: You occasionally lose the ability to drink
                  | potions when taking damage. [potion of mutation]
 86777 | Vaults:2 | Lost mutation: Your movements are slightly less encumbered
                  | by armour. (ER -2) [potion of mutation]
 86777 | Vaults:2 | Lost mutation: You are partially covered in iridescent
                  | scales. (AC +2) [potion of mutation]
 86777 | Vaults:2 | Gained mutation: You are partially covered in iridescent
                  | scales. (AC +2) [potion of mutation]
 86777 | Vaults:2 | Gained mutation: You are agile. (Dex +4, Str/Int -1)
                  | [potion of mutation]
 86777 | Vaults:2 | Gained mutation: Your muscles are strong. (Str +4, Int/Dex
                  | -1) [potion of mutation]
 86778 | Vaults:2 | Lost mutation: Your body sometimes deteriorates upon taking
                  | damage. [potion of mutation]
 86778 | Vaults:2 | Lost mutation: Potions are less effective at restoring your
                  | health. [potion of mutation]
 86778 | Vaults:2 | Lost mutation: You have hidden genetic defects. [potion of
                  | mutation]
 86778 | Vaults:2 | Lost mutation: Your spells are a little easier to cast, but
                  | a little less powerful. [potion of mutation]
 86778 | Vaults:2 | Lost mutation: You are agile. (Dex +4, Str/Int -1) [potion
                  | of mutation]
 86778 | Vaults:2 | Lost mutation: Your magical capacity is low. (-10% MP)
                  | [potion of mutation]
 86778 | Vaults:2 | Gained mutation: Your flesh is heat resistant. (rF+)
                  | [potion of mutation]
 86778 | Vaults:2 | Gained mutation: You are clumsy. (Dex -2) [potion of
                  | mutation]
 86778 | Vaults:2 | Gained mutation: You have a pair of small horns on your
                  | head. [potion of mutation]
 86875 | Vaults:5 | Noticed a dread lich
 86876 | Vaults:5 | Noticed a dread lich
 86890 | Vaults:5 | Reached skill level 10 in Transmutations
 86917 | Vaults:4 | Killed a dread lich
 86929 | Vaults:4 | Killed a dread lich
 87206 | Vaults:4 | Killed Mennas
 87732 | Zot:5    | Noticed an orb of fire
 87745 | Zot:5    | Gained mutation: You are very clumsy. (Dex -4) [an orb of
                  | fire]
 87770 | Zot:5    | Killed an orb of fire
 88046 | Zot:5    | Noticed a dread lich
 88062 | Zot:5    | Killed a dread lich
 88675 | Zot:5    | Got the Orb of Zot
 88959 | D:15     | Noticed Teranit the pandemonium lord
 89422 | D:1      | Noticed Irchucw the pandemonium lord
 89422 | D:1      | Noticed an ancient lich
 89430 | D:$      | Escaped with the Orb!

Illustrated notes

Levels and vault maps discovered:
D:1:      lemuel_arrival_tunnels, layout_basic
D:2:      layout_basic, shapermc_ecumenical_altar_mp_vishouse, st_stairs_10,
          kennysheep_generic_room_13, uniq_jessica, uniq_crazy_yiuf_cottage
D:3:      layout_loops_ring, nicolae_gozag_cash_rules_everything_around_me,
          uniq_terence
D:4:      minmay_general_purpose_star, layout_loops_corners, old_standard_altar,
          lemuel_mausoleum_altar_yredelemnul, mainiacjoe_overflow_cross_hatched,
          minmay_temple_entry_stoned_glass, uniq_pikel
D:5:      layout_rooms, enter_ossuary_4, feat_on_display
D:6:      layout_layer_cave
D:7:      layout_basic, grunt_temple_overflow_diamond,
          hangedman_abyss_or_decor_stagger, david_defended_altar_orc
D:8:      layout_basic, tgw_kikubaaqudgha, marbit_many_paths, serial_shops,
          nicolae_shop_stone, chequers_serial_rivers_micro_c,
          hangedman_glass_teeth, minmay_hedge_maze
D:9:      layout_irregular_city, orc_0_dummy, serial_co_window_serial,
          co_window_of_opportunity_a, co_window_paths_a, co_window_paths_a,
          co_window_corner_a, co_window_paths_a, co_window_corner_b,
          co_window_2corner, co_window_unsneaky_path_c, co_window_cross_4,
          glass_columns_b, glass_columns_b, glass_columns_a
D:10:     layout_long_grid, erik_lair_island, uniq_maggie, uniq_snorg,
          uniq_josephine
D:11:     layout_roguey, minivault_21
D:12:     layout_loops_ring
D:13:     layout_roguey, david_vaults_5
D:14:     layout_loops_ring, uniq_lodul
D:15:     grunt_enter_depths_hoard, layout_rooms,
          chequers_serial_rivers_small_b, ebering_ghost_xom,
          portal_ice_cave_entry_ugly_swarm, amcnicky_mini_rare_corridor_liquid
Lair:1:   layout_chaotic_city, grunt_forest_small_clearing_treed
Lair:2:   layout_hall_layers, minmay_shoals_entry_lonely_mermaid,
          nicolae_snake_entry_warm_welcome, kennysheep_snail_temple, uniq_sonja,
          uniq_amaemon
Lair:3:   layout_layer_cave, grunt_megastairs_4, lemuel_fruit_fields
Lair:4:   layout_long_grid, gauntlet_entry_generic
Lair:5:   evil_forest, layout_regular_city, dpeg_slime_entry_corner,
          nicolae_lair_time_for_slime
Shoals:1: layout_shoals, ebering_ghost_inner_flame, serial_shops, shop,
          uniq_donald, uniq_jorgrun
Shoals:2: layout_shoals, lemuel_altar_in_water,
          nicolae_shoals_arrival_archipelago, uniq_ilsuiw
Shoals:3: layout_shoals, serial_shops, nicolae_lakefront_shop,
          nicolae_shoals_loop_pool
Shoals:4: shoals_end_grunt_ice, layout_shoals
Snake:1:  kennysheep_snake, layout_onion, nicolae_triple_integral,
          uniq_mlioglotl
Snake:2:  layout_misc_corridors, grunt_megastairs_5, minmay_shop_grove,
          serial_bayou_shore_a, lemuel_fruit_tree
Snake:3:  layout_honeycomb, corexii_hall_statues_l,
          nicolae_snake_gridmaze_big_u, grunt_megastairs_3
Snake:4:  grunt_snake_rune_serpentine_throne, layout_onion, drop_trap,
          nicolae_snake_guarding_the_ruins, uniq_nikola
Slime:1:  layout_caves
Slime:2:  layout_caves
Slime:3:  layout_caves
Slime:4:  layout_caves
Slime:5
Orc:1:    layout_diamond_mine, serial_shops,
          nicolae_shop_competitors_out_of_business
Orc:2:    pf_orc_diabolical, layout_diamond_mine
Elf:1:    nicolae_elf_arrival_fired_up, layout_loops_cross,
          minmay_elf_necromancy, uniq_azrael
Elf:2:    elven_hall_of_blades_hangedman_original
          [infiniplex_blade_entry_pillars], layout_onion_city, serial_shops,
          nicolae_shop_advertising_works [nicolae_subvault_shop_adworks]
Elf:3:    grunt_elf_hall_asides, layout_geoelf_diagonals, basic_altar
Vaults:1: v_misc_19, nicolae_vaults_border_crossing, ontoclasm_vaults_bender,
          nicolae_vaults_fighting_squares, nicolae_vaults_alarming,
          hangedman_vaults_restitches, ontoclasm_vaults_pinch,
          vaults_room_fancy_cross, v_alt_pattern_5, layout_vaults_omnibox
Vaults:2: st_more_cells, v_misc_5, ontoclasm_vaults_misaligned, v_misc_4,
          nicolae_vaults_network_periphery, layout_vaults_omnigrid,
          minmay_crypt_entry_simple_corners, serial_shops, nicolae_shop_trees
Vaults:3: vaults_room_ringed_pool, hangedman_vaults_river_flow, v_misc_1,
          hangedman_vaults_stitches, nicolae_vaults_big_angled_halls,
          v_alt_pattern_6, nicolae_vaults_windows_and_doors_thing,
          nicolae_vaults_shelves_hall, vaults_dpeg_hooks, v_misc_26, st_cells,
          nicolae_vaults_angled_halls, nicolae_vaults_little_squares_4,
          vaults_dpeg_ring, layout_vaults_omnicross, uniq_xtahua
Vaults:4: portal_desolation_entry_garden, ontoclasm_vaults_spin,
          nicolae_vaults_diagonal_hallway_7, v_pattern_2, hangedman_vaults_trim,
          vaults_room_door_hall, grunt_vaults_swirl, v_misc_8, v_misc_28,
          nicolae_vaults_little_squares_4, nicolae_vaults_little_squares_1,
          vaults_mumra_chevron_long, vaults_room_semicircle,
          nicolae_vaults_little_squares_2, layout_vaults_big_room, uniq_margery
Vaults:5: uniq_mennas
Depths:1: layout_basic, enter_ziggurat_b, serial_shops, nicolae_shop_waterfront,
          hell_entry, grunt_decor_resistance, minmay_fractal_squares_gapless_7,
          uniq_aizul, uniq_sojobo
Depths:2: nooodl_heptagram, layout_basic, pan_entry, hangedman_geh_valley,
          firewood_loft
Depths:3: dreamdust_hydra_shepherd, layout_gridlike, hellmouth_1, abyss_entry,
          serial_shops, nicolae_stop_n_shop_2, roderic_lattice_octagonal_star
Depths:4: grunt_zot_entry_pinwheel, layout_basic, hellmonk_ghost_big_iron,
          abyss_entry, grunt_mini_vestibule, uniq_enchantress
Zot:1:    layout_gridlike, uniq_parghit
Zot:2:    layout_basic
Zot:3:    layout_onion
Zot:4:    grunt_deathspiral_small, layout_cathedral_of_symmetry
Zot:5:    layout_gridlike

Skill      XL: |  1  2  3  4  5  6  7  8  9 10 11 12 13 14 15 16 17 18 19 20 21 22 23 24 25 26 |
---------------+-------------------------------------------------------------------------------+-----
Maces & Flails | 2 3 4 5 7 8 10 13 14 17 | 17.1
Armour         | 4 8 10 11 14 15 17 | 17.8
Fighting       | 4 7 8 11 13 15 17 18 20 | 20.2
Evocations     | 5 6 11 13 15 | 15.5
Shields        | 6 10 13 16 18 | 18.9
Throwing       | 3 6 7 11 12 13 | 13.7
Dodging        | 4 5 7 9 |  9.4
Stealth        | 5 |  5.1
Air Magic      | 7 13 | 13.2
Conjurations   | 9 13 | 13.4
Hexes          | 2 8 |  8.2
Translocations | 3 9 |  9.0
Transmutations | 8 13 | 13.2

Action                     |  1- 3 |  4- 6 |  7- 9 | 10-12 | 13-15 | 16-18 | 19-21 | 22-24 | 25-27 || total
---------------------------+-------+-------+-------+-------+-------+-------+-------+-------+-------++-------
  Melee: Flail             |   146 |   191 |       |       |       |       |       |       |       ||   337
         Tailslap          |     8 |    29 |    35 |   118 |   357 |   383 |   548 |   880 |   248 ||  2606
         Whip              |       |    21 |   159 |       |       |       |       |       |       ||   180
         Morningstar       |       |       |   166 |   777 |  1569 |  1974 |  1208 |       |       ||  5694
         Punch             |       |       |       |       |       |       |     1 |       |       ||     1
         Demon whip        |       |       |       |       |       |       |  1147 |  3153 |  1068 ||  5368
         Headbutt          |       |       |       |       |       |       |       |       |   174 ||   174
   Fire: Arbalest          |       |       |       |       |       |       |     8 |       |       ||     8
  Throw: Dart              |       |     2 |       |     4 |       |    14 |     3 |       |       ||    23
         Boomerang         |       |       |       |       |     3 |       |       |       |       ||     3
         Javelin           |       |       |       |       |    11 |    52 |    12 |    40 |    49 ||   164
         Throwing net      |       |       |       |       |       |     1 |       |       |     2 ||     3
   Cast: Portal Projectile |       |       |       |       |       |       |       |       |     3 ||     3
         Vhi's Electric Ch |       |       |       |       |       |       |       |       |     2 ||     2
 Invoke: Curse Item        |       |     1 |     2 |     3 |     6 |     2 |     2 |     2 |       ||    18
         Shatter the Chain |       |       |       |     1 |     3 |     1 |     3 |     2 |       ||    10
Ability: Evoke Blink       |       |       |       |       |       |       |     4 |       |       ||     4
  Evoke: Wand              |       |       |       |    11 |    16 |    17 |    16 |     9 |     3 ||    72
         Condenser vane    |       |       |       |       |     1 |     3 |     1 |     1 |     2 ||     8
         Lightning rod     |       |       |       |       |       |       |       |     4 |       ||     4
         Phantom mirror    |       |       |       |       |       |       |       |     1 |     3 ||     4
         Box of beasts     |       |       |       |       |       |       |       |     1 |     1 ||     2
         Phial of floods   |       |       |       |       |       |       |       |     1 |     1 ||     2
    Use: Scroll            |     4 |     4 |       |     1 |     5 |     2 |     2 |    14 |     2 ||    34
         Potion            |       |     1 |     1 |     6 |     5 |     5 |       |     3 |    16 ||    37
   Stab: Petrified         |       |       |       |       |     2 |       |       |       |       ||     2
         Invisible         |       |       |       |       |     2 |       |       |     1 |       ||     3
         Distracted        |       |       |       |       |       |       |       |     2 |     3 ||     5
 Armour: Scale mail        |    80 |    82 |    15 |       |       |       |       |       |       ||   177
         Plate armour      |       |       |   140 |   398 |   896 |   691 |   937 |   833 |       ||  3895
         Skin              |       |       |       |     2 |       |       |       |       |       ||     2
         Gold dragon scale |       |       |       |       |       |       |       |    95 |   313 ||   408
  Dodge: Dodged            |    58 |    71 |    43 |   141 |   331 |   293 |   323 |   379 |    82 ||  1721
  Block: Buckler           |    27 |    24 |    39 |   148 |   310 |       |       |       |       ||   548
         Reflection        |       |       |       |       |    28 |   213 |    92 |    75 |    17 ||   425
         Kite shield       |       |       |       |       |   596 |  1998 |    31 |       |       ||  2625
         Tower shield      |       |       |       |       |       |       |  2533 |  2906 |   723 ||  6162
         Other             |       |       |       |       |       |       |     5 |       |       ||     5

Table legend: (Time is in decaauts)
 A = Elapsed time spent in this place.
 B = Non-inter-level travel time spent in this place.
 C = Inter-level travel time spent in this place.
 D = Time resting spent in this place.
 E = Time spent auto-exploring this place.
 F = Levels seen in this place.
 G = Mean time per level.
                   A        B        C        D        E       F      G
               +--------+--------+--------+--------+--------+-----+--------+
         Total |  85922 |  73185 |  12737 |  19946 |  28756 |  56 | 1534.3 |
       Dungeon |  22287 |  18156 |   4131 |   5408 |   7842 |  15 | 1485.8 |
          Lair |   7623 |   6130 |   1493 |   1736 |   2963 |   5 | 1524.6 |
        Shoals |   5340 |   5000 |    340 |   1059 |   2017 |   4 | 1335.0 |
     Snake Pit |   8010 |   7247 |    763 |   2493 |   2209 |   4 | 2002.5 |
    Slime Pits |   2451 |   2213 |    238 |    344 |    506 |   5 |  490.2 |
  Orcish Mines |   4908 |   4136 |    772 |   1972 |    907 |   2 | 2454.0 |
   Elven Halls |   4416 |   3945 |    471 |    821 |   1442 |   3 | 1472.0 |
        Vaults |   9429 |   7464 |   1965 |   1075 |   3915 |   5 | 1885.8 |
        Depths |   9341 |   8123 |   1218 |   2504 |   3084 |   4 | 2335.2 |
           Zot |   8752 |   7409 |   1343 |   1729 |   2949 |   5 | 1750.4 |
       Ossuary |    261 |    261 |      0 |     74 |     14 |   1 |  261.0 |
      Ice Cave |    787 |    787 |      0 |    138 |    132 |   1 |  787.0 |
    Desolation |   1674 |   1674 |      0 |    371 |    522 |   1 | 1674.0 |
      Gauntlet |    637 |    637 |      0 |    220 |    254 |   1 |  637.0 |
               +--------+--------+--------+--------+--------+-----+--------+

Top non-repeatable levels by time:
   Orc:2: 3881 daAuts
   Zot:5: 3451 daAuts
     D:9: 3258 daAuts
Depths:4: 2818 daAuts
Depths:1: 2807 daAuts
 Snake:1: 2599 daAuts
Vaults:2: 2539 daAuts
     D:8: 2478 daAuts
Vaults:3: 2376 daAuts
Vaults:4: 2291 daAuts
Vaults:1: 2175 daAuts
 Snake:4: 2138 daAuts
     D:4: 1994 daAuts
   Zot:4: 1982 daAuts
Depths:2: 1889 daAuts
